 Dungeon Crawl Stone Soup version 0.29.0-5-ge4962eb29e (webtiles) character file.

Game seed: 17820544720118523601

6850 SensoryNuts the Severer (level 11, -1/95 HPs)
             Began as a Hill Orc Fighter on Aug 28, 2022.
             Slain by an unseen horror (4 damage)
             ... on level 10 of the Dungeon.
             The game lasted 00:09:17 (10334 turns).

SensoryNuts the Severer (Hill Orc Fighter)         Turns: 10334, Time: 00:09:17

Health: -1/95      AC: 10    Str: 26    XL:     11   Next: 6%
Magic:  4/4        EV: 10    Int:  8    God:
Gold:   788        SH:  5    Dex: 14    Spells: 10/10 levels left

rFire   . . .      SeeInvis +   y - +6 hand axe of the Mosquito {antimagic, Str+4 Dex+4 SInv}
rCold   . . .      Faith    .   c - +0 buckler
rNeg    . . .      Spirit   .   b - +0 scale mail
rPois   .          Reflect  .   (no helmet)
rElec   .          Harm     .   (no cloak)
rCorr   .          Rampage  .   (no gloves)
Will    .....                   G - +1 pair of boots
Stlth   +.........              (no amulet)
HPRegen 0.25/turn               h - +4 ring of slaying
MPRegen 0.09/turn               (no ring)

@: no status effects
A: high MP 1, sense surroundings 1, weak 1, wild magic 1
a: no special abilities


You were on level 10 of the Dungeon.
You visited 1 branch of the dungeon, and saw 10 of its levels.
You also visited: Ossuary and Bailey.

You collected 788 gold pieces.

Inventory:

Hand Weapons
 a - a +2 war axe
 y - the +6 hand axe of the Mosquito (weapon) {antimagic, Str+4 Dex+4 SInv}
   (You found it on level 8 of the Dungeon)

   It reduces the magical energy of the wielder, and disrupts the spells and
   magical abilities of those it strikes.
   Natural abilities and divine invocations are not affected.
   Str:       It affects your strength (+4).
   Dex:       It affects your dexterity (+4).
   SInv:      It lets you see invisible.
Missiles
 C - a throwing net (quivered)
Armour
 b - a +0 scale mail (worn)
 c - a +0 buckler (worn)
 G - a +1 pair of boots (worn)
Jewellery
 g - a ring of wizardry
 h - a +4 ring of slaying (left hand)
 i - a ring of protection from cold
 t - an amulet of the acrobat
 u - a ring of magical power
 A - a +4 ring of evasion
Wands
 n - a wand of flame (14)
 s - a wand of mindburst (19)
 D - a wand of quicksilver (15)
Scrolls
 m - 2 scrolls of magic mapping
 q - a scroll of butterflies
 v - 5 scrolls of teleportation
 x - 3 scrolls of amnesia
 z - a scroll of identify
 B - a scroll of silence {unknown}
Potions
 d - 3 potions of attraction
 e - a potion of curing
 f - 4 potions of brilliance
 j - 2 potions of haste
 k - 5 potions of flight
 l - a potion of cancellation
 o - 2 potions of berserk rage
 p - 3 potions of resistance
 r - 4 potions of degeneration


   Skills:
 + Level 8.7 Fighting
 * Level 16.0 Axes
 + Level 7.6 Armour
 + Level 2.4 Dodging
 + Level 2.2 Stealth
 + Level 5.7 Shields


You had 10 spell levels left.
You didn't know any spells.
Your spell library contained the following spells:

 Spells                   Type           Power      Damage    Failure   Level
 Static Discharge         Conj/Air       0%         3-3/arc   91%         2
 Sublimation of Blood     Necr           0%         N/A       91%         2
 Anguish                  Hex/Necr       0%         N/A       100%        4
 Dispel Undead            Necr           0%         3d6       100%        4
 Petrify                  Tmut/Erth      0%         N/A       100%        4
 Sticky Flame             Conj/Fire      0%         2d3       100%        4
 Summon Ice Beast         Ice/Summ       0%         N/A       100%        4
 Irradiate                Conj/Tmut      0%         3d11      100%        5
 Metabolic Englaciation   Hex/Ice        0%         N/A       100%        5
 Summon Mana Viper        Hex/Summ       0%         N/A       100%        5
 Statue Form              Tmut/Erth      0%         N/A       100%        6
 Enfeeble                 Hex            0%         N/A       100%        7
 Monstrous Menagerie      Summ           0%         N/A       100%        7


Dungeon Overview and Level Annotations

Branches:
Dungeon (10/15)            Temple (0/1) D:6            Lair (0/5) D:10
    Orc (0/2) D:10        Ossuary (visited)          Bailey (visited)

Altars:
Elyvilon
Makhleb

Shops:
D:2 *   D:4 *


Innate Abilities, Weirdness & Mutations

You have an increased reservoir of magic. (+10% MP)
You passively map a small area around you.
You are weak. (Str -2)
Your spells are a little harder to cast, but a little more powerful.


Message History

You hit the komodo dragon. The unseen horror barely misses you.
The unseen horror hits you but does no damage.
The komodo dragon completely misses you.
You hit the unseen horror.
The unseen horror is heavily wounded.
You hit the komodo dragon but do no damage.
You block the unseen horror's attack.
You slash the komodo dragon!
The komodo dragon is moderately wounded.
The komodo dragon bites you!!
* * * LOW HITPOINT WARNING * * *
The unseen horror barely misses you.
You feel better.
A nearby plant withers and dies.
The unseen horror barely misses you.
A water moccasin comes into view.
The komodo dragon bites you!
* * * LOW HITPOINT WARNING * * *
You feel better.
The water moccasin hisses angrily.
The scorpion stings you but does no damage.
The komodo dragon closely misses you. The scorpion barely misses you.
You block the unseen horror's attack.
Blink to where?
Press: ? - help, Dir - move target
As you read the scroll of blinking, it crumbles to dust.
Okay, then.
The unseen horror hits you!
* * * LOW HITPOINT WARNING * * *
The unseen horror completely misses you.
The unseen horror hits you but does no damage.
Okay, then.
The unseen horror hits you but does no damage.
The unseen horror hits you.
* * * LOW HITPOINT WARNING * * *
The unseen horror attacks as you move away!
The unseen horror barely misses you.
The unseen horror completely misses you.
There is a stone staircase leading up here.
The unseen horror hits you.
You die...

#..# ,
*############..###### .,
.................... ..,
........############ * ,
... .#####..# , .P..,
#..# P.PP....# #..#
.P.PP...####..##########
..P.PP.....l..sx@.......
,
P..P..P..####..#########
...PP..P.####..#
>PPPPPPsx..##..#
P.PP.....#.##..######## *
* *
PP..P....†.†.>.........,,
...P.....†.............
.P.PPP.................
PP......#.#.########### *


You could see a komodo dragon, an unseen horror (invisible) and a scorpion.

Vanquished Creatures
  Maggie (D:7)
  A troll (D:9)
  Grinder (D:4)
  Sigmund (D:3)
  A shadow (D:10)
  2 wyverns
  5 yaks
  A steam dragon (D:8)
  3 water moccasins (D:8)
  A sky beast (D:6)
  4 ice beasts
  10 orc warriors
  2 black bears
  An ogre (D:6)
  4 centaurs
  2 phantoms
  A kobold brigand (D:9)
  6 bullfrogs
  3 scorpions
  5 wights (D:8)
  8 killer bees
  3 howler monkeys
  An electric eel (D:10)
  5 jellies
  2 hounds (D:5)
  A gnoll bouda (D:4)
  An orc priest (D:7)
  Crazy Yiuf (D:4)
  An iguana (D:6)
  8 orc wizards
  8 mummies (Ossuary)
  6 gnolls
  8 adders
  A shadow imp (D:8)
  2 white imps
  5 worms
  2 dart slugs
  22 orcs
  5 ball pythons
  5 bats
  5 endoplasms
  4 giant cockroaches
  A gnoll zombie (Ossuary)
  8 goblins
  7 hobgoblins
  6 jackals (D:1)
  3 quokkas
  3 frilled lizards
  A hobgoblin zombie (Ossuary)
  20 kobolds
  3 kobold zombies (Ossuary)
  3 orc zombies (Ossuary)
  5 rats
219 creatures vanquished.

Vanquished Creatures (others)
  An orc (D:8)
  18 fungi
  14 plants (D:10)
33 creatures vanquished.

Grand Total: 252 creatures vanquished

Notes
Turn   | Place    | Note
-------+----------+-------------------------------------------
     0 | D:1      | SensoryNuts the Hill Orc Fighter began the quest for the
                  | Orb.
     0 | D:1      | Reached XP level 1. HP: 19/19 MP: 1/1
   136 | D:1      | Reached skill level 3 in Axes
   136 | D:1      | Reached XP level 2. HP: 22/27 MP: 2/2
   632 | D:1      | Reached XP level 3. HP: 33/33 MP: 3/3
   664 | D:1      | Found a faded altar of an unknown god.
   812 | D:2      | Reached skill level 4 in Axes
   951 | D:2      | Found Aribo's General Store.
  1061 | D:2      | Reached XP level 4. HP: 37/40 MP: 4/4
  1550 | D:3      | Noticed Sigmund
  1566 | D:3      | Killed Sigmund
  1567 | D:3      | Reached skill level 6 in Axes
  1567 | D:3      | Reached XP level 5. HP: 18/46 MP: 5/5
  1567 | D:3      | Reached XP level 6. HP: 20/52 MP: 6/6
  1787 | D:3      | Reached skill level 1 in Dodging
  2258 | D:4      | Noticed Grinder
  2271 | D:4      | Paralysed by Grinder for 3 turns
  2278 | D:4      | Killed Grinder
  2279 | D:4      | Reached skill level 7 in Axes
  2279 | D:4      | Reached skill level 1 in Stealth
  2279 | D:4      | Reached XP level 7. HP: 17/60 MP: 7/7
  2546 | D:4      | You fall into a shaft and drop 2 floors!
  2549 | D:6      | Found a sand-covered staircase.
  2560 | Ossuary  | Entered an ossuary
  2578 | Ossuary  | Reached skill level 8 in Axes
  3108 | D:6      | Reached skill level 9 in Axes
  3138 | D:5      | Entered Level 5 of the Dungeon
  3589 | D:4      | Reached XP level 8. HP: 41/67 MP: 8/8
  4042 | D:4      | Found Nirphedd's General Store.
  4303 | D:4      | Found a runed translucent door.
  4304 | D:4      | Noticed Crazy Yiuf
  4313 | D:4      | Killed Crazy Yiuf
  4314 | D:4      | Reached skill level 5 in Fighting
  4494 | D:5      | Reached skill level 10 in Axes
  5124 | D:6      | Reached skill level 11 in Axes
  5174 | D:6      | Reached skill level 5 in Armour
  5721 | D:6      | Reached skill level 12 in Axes
  5721 | D:6      | Reached XP level 9. HP: 65/74 MP: 9/9
  5767 | D:6      | Found a white marble altar of Elyvilon.
  5793 | D:6      | Found a staircase to the Ecumenical Temple.
  5827 | D:6      | Found a burning altar of Makhleb.
  6058 | D:7      | Noticed Maggie
  6076 | D:7      | Killed Maggie
  6396 | D:7      | Reached skill level 13 in Axes
  7176 | D:7      | Reached skill level 14 in Axes
  7445 | D:8      | Reached XP level 10. HP: 67/84 MP: 10/10
  7897 | D:8      | Reached skill level 5 in Shields
  8079 | D:8      | Found a flagged portal.
  8086 | D:8      | Identified the +6 hand axe of the Mosquito {antimagic,
                  | Str+4 Dex+4 SInv}
  8091 | Bailey   | Entered a bailey
  8364 | Bailey   | Reached skill level 15 in Axes
  8394 | Bailey   | Gained mutation: You passively map a small area around you.
                  | [potion of mutation]
  8394 | Bailey   | Gained mutation: You are weak. (Str -2) [potion of
                  | mutation]
  8394 | Bailey   | Gained mutation: Your spells are a little harder to cast,
                  | but a little more powerful. [potion of mutation]
  8394 | Bailey   | Gained mutation: You have an increased reservoir of magic.
                  | (+10% MP) [potion of mutation]
  9957 | D:10     | Entered Level 10 of the Dungeon
 10280 | D:10     | Found a staircase to the Orcish Mines.
 10290 | D:10     | Noticed an unseen horror
 10305 | D:10     | Reached XP level 11. HP: 68/95 MP: 4/12
 10308 | D:10     | Reached skill level 16 in Axes
 10315 | D:10     | Found a staircase to the Lair.
 10324 | D:10     | HP: 2/95 [komodo dragon (15)]
 10332 | D:10     | HP: 3/95 [unseen horror (1)]
 10334 | D:10     | Slain by an unseen horror

Illustrated notes

Levels and vault maps discovered:
D:1:      dpeg_arrival_radiant, layout_basic,
          shapermc_ecumenical_altar_hornbeckon
D:2:      layout_rooms, serial_shops, shop
D:3:      layout_loops_corners, minmay_close_crescents, uniq_sigmund
D:4:      layout_loops_ring, serial_rivers, chequers_serial_rivers_micro_a,
          chequers_serial_rivers_large_a, chequers_serial_rivers_small_3,
          chequers_serial_rivers_micro_c, chequers_serial_rivers_small_a,
          chequers_serial_rivers_micro_a, serial_shops, shop, uniq_grinder,
          uniq_crazy_yiuf_cottage
D:5:      layout_cave_pools, cheibrodos_sewer_entry_sluice
D:6:      layout_rooms, mainiacjoe_overflow_swirl, minmay_temple_entry_poolview,
          chequers_ossuary_entry_cave, grunt_decor_cap,
          chequers_serial_rivers_small_a
D:7:      layout_cave_pools, uniq_maggie
D:8:      layout_cave_pools, enter_bailey_2, st_stairs_3,
          kennysheep_generic_room_9
D:9:      layout_rooms
D:10:     layout_long_grid, due_lair_maze_entry_diamond, orc_0_dummy,
          grunt_ministairs_10, kennysheep_boxes

Skill      XL: |  1  2  3  4  5  6  7  8  9 10 11 |
---------------+----------------------------------+-----
Axes           | 3 4 6 7 9 12 14 15 16 | 16.0
Fighting       | 4 5 6 8 |  8.7
Dodging        | 1 2 |  2.4
Armour         | 4 5 6 7 |  7.6
Stealth        | 1 2 |  2.2
Shields        | 4 5 |  5.7

Action                   |  1- 3 |  4- 6 |  7- 9 | 10-12 || total
-------------------------+-------+-------+-------+-------++-------
Melee: War axe           |    89 |    64 |   255 |    56 ||   464
       Hand axe          |       |       |       |   137 ||   137
  Use: Scroll            |     4 |     3 |    13 |     1 ||    21
       Potion            |       |     3 |     3 |    11 ||    17
Armor: Scale mail        |    29 |    18 |    91 |    66 ||   204
Dodge: Dodged            |    42 |    24 |    88 |   100 ||   254
Block: Buckler           |    21 |    13 |    45 |    46 ||   125
